 Dungeon Crawl Stone Soup version 0.28.0-53-g5a82cb258f (webtiles) character file.

Game seed: 6014685954019748599

105010 Peloso the Peltast (level 15, -4/139 HPs)
             Began as a Minotaur Fighter on June 20, 2022.
             Was a High Priest of Okawaru.
             Killed from afar by an electric eel (11 damage)
             ... with a bolt of electricity
             ... on level 15 of the Dungeon.
             The game lasted 01:19:04 (35077 turns).

Peloso the Peltast (Minotaur Fighter)              Turns: 35077, Time: 01:19:06

Health: -4/139     AC: 25    Str: 26    XL:     15   Next: 93%
Magic:  16/17      EV: 14    Int:  5    God:    Okawaru [*****.]
Gold:   1333       SH: 18    Dex: 16    Spells: 14/14 levels left

rFire   + + +      SeeInvis .   a - +2 falchion "Goblin's Bane" {vorpal, rPois Will+ Dex+4}
rCold   + + .      Faith    +   f - +1 kite shield {reflect}
rNeg    . . .      Spirit   .   G - +4 plate armour {rC+}
rPois   +          Reflect  +   v - +2 hat
rElec   .          Harm     .   H - scarf {rC+ rF+}
rCorr   .          Rampage  .   Y - +2 pair of gloves {Stlth+}
Will    ++...                   (no boots)
Stlth   +.........              n - amulet of Lauciana {Faith rF+ Regen+}
HPRegen 1.13/turn               x - ring of protection from fire
MPRegen 0.15/turn               W - ring of flight

@: heroic, spiked, corroded, flying
A: horns 2, retaliatory headbutt
a: Renounce Religion, Heroism, Finesse, Duel


You were on level 15 of the Dungeon.
You worshipped Okawaru.
Okawaru was extremely pleased with you.
You visited 4 branches of the dungeon, and saw 22 of its levels.
You also visited: Bailey and Volcano.

You collected 2456 gold pieces.
You spent 1123 gold pieces at shops.

Inventory:

Hand Weapons
 a - the +2 falchion "Goblin's Bane" (weapon) {vorpal, rPois Will+ Dex+4}
   (You found it on level 4 of the Dungeon)

   It inflicts extra damage upon your enemies.
   Dex:       It affects your dexterity (+4).
   rPois:     It protects you from poison.
   Will:      It increases your willpower.
 b - the +6 falchion of Tudgh {antimagic, rN+ Dex+3}
   (Okawaru gifted it to you on level 14 of the Dungeon)

   It reduces the magical energy of the wielder, and disrupts the spells and
   magical abilities of those it strikes.
   Natural abilities and divine invocations are not affected.
   Dex:       It affects your dexterity (+3).
   rN:        It protects you from negative energy.
 c - a +2 demon whip of flaming
Armour
 f - a +1 kite shield of reflection (worn)
 v - a +2 hat (worn)
 G - a +4 plate armour of cold resistance (worn)
 H - a scarf of resistance (worn)
 Y - a +2 pair of gloves of stealth (worn)
Jewellery
 l - a ring of willpower
 n - the amulet of Lauciana (around neck) {Faith rF+ Regen+}
   (You bought it in a shop on level 2 of the Orcish Mines)

   [amulet of faith]

   It allows you to gain divine favour quickly.
   rF:        It protects you from fire.
   Regen:     It increases your rate of health regeneration.
 t - a +6 ring of intelligence
 w - an amulet of reflection
 x - a ring of protection from fire (left hand)
 Q - a ring of see invisible
 W - a ring of flight (right hand)
Wands
 e - a wand of flame (19)
 o - a wand of iceblast (5)
 q - a wand of paralysis (7)
 C - a wand of digging (15)
Scrolls
 g - a scroll of enchant weapon
 h - 2 scrolls of magic mapping
 i - 2 scrolls of fog
 r - 5 scrolls of immolation
 A - 7 scrolls of teleportation
 I - 4 scrolls of fear
 K - 2 scrolls of noise {unknown}
 L - a scroll of acquirement
 P - 4 scrolls of torment {unknown}
Potions
 d - 2 potions of might
 j - 2 potions of haste
 k - 3 potions of mutation
 m - 4 potions of resistance
 p - a potion of ambrosia
 s - a potion of heal wounds
 D - 3 potions of flight
 M - a potion of cancellation
 O - 3 potions of berserk rage {unknown}
 S - 3 potions of lignification {unknown}
 T - 4 potions of curing
 X - 2 potions of brilliance {unknown}


   Skills:
 + Level 14.5(19.5) Fighting
 + Level 16.8(21.8) Long Blades
 + Level 4.2(9.2) Maces & Flails
 + Level 0.6(5.6) Crossbows
 + Level 16.4(21.4) Armour
 + Level 7.1(12.1) Dodging
 + Level 4.4(9.4) Stealth
 + Level 17.9(22.9) Shields
 + Level 4.6 Invocations
 + Level 2.1 Evocations


You had 14 spell levels left.
You didn't know any spells.
Your spell library contained the following spells:

 Spells                   Type           Power      Damage    Failure   Level
 Apportation              Tloc           0%         N/A       96%         1
 Foxfire                  Conj/Fire      0%         2x1d4     96%         1
 Pain                     Necr           0%         1d4       96%         1
 Sting                    Tmut/Pois      0%         1d3       96%         1
 Blink                    Tloc           0%         N/A       99%         2
 Corpse Rot               Necr/Air       0%         N/A       99%         2
 Poisonous Vapours        Pois/Air       0%         N/A       99%         2
 Conjure Flame            Conj/Fire      0%         6-21      100%        3
 Inner Flame              Hex/Fire       0%         N/A       100%        3
 Lesser Beckoning         Tloc           0%         N/A       100%        3
 Stone Arrow              Conj/Erth      0%         3d7       100%        3
 Flame Wave               Conj/Fire      0%         2d4       100%        4
 Agony                    Necr           0%         N/A       100%        5
 Alistair's Intoxication  Tmut/Pois      0%         N/A       100%        5
 Blade Hands              Tmut           0%         N/A       100%        5
 Borgnjor's Vile Clutch   Necr/Erth      0%         N/A       100%        5
 Excruciating Wounds      Necr           0%         N/A       100%        5
 Lightning Bolt           Conj/Air       0%         1d11      100%        5
 Manifold Assault         Tloc           0%         N/A       100%        5
 Dispersal                Tloc           0%         N/A       100%        6
 Dragon Form              Tmut           0%         N/A       100%        7
 Disjunction              Tloc           0%         N/A       100%        8
 Lehudib's Crystal Spear  Conj/Erth      0%         10d2      100%        8
 Animate Skeleton         Necr           Unusable   N/A       N/A         1
 Summon Small Mammal      Summ           Unusable   N/A       N/A         1
 Animate Armour           Summ/Erth      Unusable   N/A       N/A         4
 Animate Dead             Necr           Unusable   N/A       N/A         4
 Death Channel            Necr           Unusable   N/A       N/A         6

Dungeon Overview and Level Annotations

Branches:
Dungeon (15/15)            Temple (1/1) D:4            Lair (4/6) D:8
  Swamp (0/4) Lair:4        Snake (0/4) Lair:2          Orc (2/2) D:10
    Elf (0/3) Orc:2        Vaults (0/5) D:14         Depths (0/4) D:15
 Bailey (visited)         Volcano (visited)

Altars:
Cheibriados
Dithmenos
Fedhas
Gozag
Makhleb
Nemelex Xobeh
Okawaru
Qazlal
Sif Muna
Trog
Uskayaw
Xom
Yredelemnul
Zin
Beogh

Shops:
D:5 !   D:13 *   Orc:2 :=[?

Portals:
Abyss: D:14

Annotations:
D:11 3 runed translucent doors, spica's ghost, journeyman GrEE
D:13 Casa
D:14 2 transporters, Ytheofip's ghost, journeyman FoFi
Lair:1 exclusion: 3 oklob plants


Innate Abilities, Weirdness & Mutations

You have a pair of horns on your head.
You reflexively headbutt those who attack you in melee.


Message History

You hit the death knight but do no damage.
You headbutt the death knight.
The death knight is lightly wounded.
You block the manticore's attack. The manticore misses you.
You block the manticore's attack.
The death knight hits you with a +0 battleaxe!
* * * LOW HITPOINT WARNING * * *
The brown ugly thing basks in the mutagenic energy from its kin and changes!
You slash the death knight!
The death knight is lightly wounded.
You block the death knight's attack. You block the manticore's attack.
The manticore closely misses you.
The manticore claws you but does no damage.
You slash the death knight!
You headbutt the death knight, but do no damage.
The death knight is moderately wounded.
You barely miss the death knight.
You headbutt the death knight, but do no damage.
The death knight is moderately wounded.
The manticore closely misses you. x2; You block the manticore's attack.
The death knight hits you with a +0 battleaxe!
* * * LOW HITPOINT WARNING * * *
Blink to where?
Press: ? - help, Dir - move target
As you read the scroll of blinking, it crumbles to dust.
The manticore flicks its tail.
Your +1 kite shield of reflection reflects the volley of spikes!
The volley of spikes hits the manticore!
The electric eel shoots out a bolt of lightning at you!
The bolt of electricity hits you.
* * * LOW HITPOINT WARNING * * *
The electric eel shoots out a bolt of lightning at you!
The bolt of electricity misses you.
The manticore flicks its tail.
The volley of spikes hits you!!
The barbed spikes become lodged in your body.
* * * LOW HITPOINT WARNING * * *
The electric eel shoots out a bolt of lightning at you!
The bolt of electricity hits you!
You die...

#.........#.#....##....
#.........#.#....##....
#....#....#.#....##....
#....######.#..........
#....##.....#.....<....
#....##.#####..........
#....##.# ............
#.....#.# ............
#...u.@.# ######......
#pH.....# ......≈...
#.####..# ..≈≈P.≈≈≈..
#§# #..'.. ≈≈≈≈≈≈≈≈≈≈≈
#.# #u....≈.≈≈≈≈≈≈≈≈≈≈
#{uu....S.≈≈≈P≈≈≈≈≈≈≈≈≈
#uuu....≈≈≈≈≈≈≈≈≈≈P≈≈≈≈
#......≈≈≈≈≈≈≈≈≈≈P≈≈.≈.
#.....≈≈≈ P.≈≈P....


You could see a death knight, 2 ugly things, a manticore (skewered) and an
electric eel.

Vanquished Creatures
  Rupert (D:14)
  An orc warlord (Orc:2)
  A ghost moth (shapeshifter) (D:15)
  A fire dragon (D:15)
  6 hydras
  Snorg (Orc:2)
  An ice dragon (D:15)
  6 boulder beetles
  A jorogumo (shapeshifter) (D:13)
  4 vault guards
  5 centaur warriors
  A catoblepas (D:13)
  A dancing weapon (Volcano)
  7 two-headed ogres
  4 tengu warriors
  5 orc high priests
  Urug (D:13)
  5 skeletal warriors
  2 bog bodies (Lair:4)
  Pikel (D:4)
  4 deep elf zephyrmancers
  5 orc knights
  4 wizards (Volcano)
  2 lindwurms
  6 orc sorcerers
  7 deep elf pyromancers
  An oklob plant (Lair:1)
  11 ugly things
  A salamander (shapeshifter) (D:14)
  8 manticores
  5 toenail golems (Volcano)
  8 cyclopes
  3 black mambas
  An elephant (Lair:2)
  9 cane toads
  2 gargoyles
  8 komodo dragons
  A kobold demonologist (Bailey)
  An unseen horror (D:13)
  4 rime drakes
  A tengu conjurer (D:8)
  7 meliai
  6 trolls
  2 queen bees
  6 hornets
  A polar bear (Lair:4)
  17 blink frogs
  7 slime creatures
  A vampire (D:13)
  3 water elementals (D:15)
  A wraith (D:13)
  A shadow (D:14)
  8 wyverns
  46 yaks
  6 basilisks
  3 steam dragons
  8 vampire mosquitoes
  6 wargs
  Menkaure (D:5)
  A harpy simulacrum (D:14)
  A naga (Lair:2)
  2 swamp worms (Lair:4)
  An acid dragon (D:9)
  11 water moccasins
  52 orc warriors
  An ice beast (D:5)
  8 ogres
  A black bear (Lair:3)
  A sky beast (D:8)
  3 necrophages
  40 wolves
  10 centaurs
  A kobold brigand (D:6)
  8 bullfrogs
  A lemure (D:4)
  A gnoll sergeant (D:5)
  4 scorpions
  2 water moccasin zombies
  A water moccasin skeleton (D:4)
  50 killer bees
  8 electric eels
  4 bullfrog zombies
  2 centaur zombies
  2 hounds
  2 jellies
  A centaur skeleton (D:5)
  3 gnoll shamans
  32 orc priests
  Crazy Yiuf (D:2)
  4 iguanas
  Natasha (thrice) (D:4)
  35 orc wizards
  A hell rat (Lair:2)
  2 killer bee zombies
  Robin (D:2)
  A howler monkey zombie (D:9)
  23 gnolls
  10 adders
  A river rat (Lair:2)
  A shadow imp (D:4)
  2 ufetubi
  An adder zombie (D:4)
  2 worms (D:2)
  3 dart slugs
  102 orcs
  5 ball pythons
  2 endoplasms (D:1)
  6 giant cockroaches
  22 goblins
  21 hobgoblins
  11 jackals
  8 kobolds
  4 quokkas
  6 bats
  3 frilled lizards
  4 rats
816 creatures vanquished.

Vanquished Creatures (others)
  A wizard (Volcano)
  A tengu conjurer (D:13)
  An orc priest (Orc:2)
  An orc (Orc:1)
  20 fungi
  33 plants
57 creatures vanquished.

Grand Total: 873 creatures vanquished

Notes
Turn   | Place    | Note
-------+----------+-------------------------------------------
     0 | D:1      | Peloso the Minotaur Fighter began the quest for the Orb.
     0 | D:1      | Reached XP level 1. HP: 19/19 MP: 0/0
    68 | D:1      | Reached XP level 2. HP: 25/27 MP: 1/1
   133 | D:1      | Reached skill level 4 in Shields
   194 | D:1      | Found a faded altar of an unknown god.
   485 | D:1      | Reached XP level 3. HP: 33/33 MP: 2/2
  1057 | D:2      | Found a bloodstained altar of Trog.
  1252 | D:2      | Noticed Robin
  1261 | D:2      | Reached XP level 4. HP: 40/40 MP: 3/3
  1272 | D:2      | Killed Robin
  1385 | D:2      | Found a runed translucent door.
  1386 | D:2      | Noticed Crazy Yiuf
  1878 | D:2      | Killed Crazy Yiuf
  2088 | D:3      | Noticed a water moccasin
  2097 | D:3      | Killed a water moccasin
  2098 | D:3      | Reached skill level 5 in Long Blades
  2098 | D:3      | Reached skill level 5 in Armour
  2098 | D:3      | Reached XP level 5. HP: 38/46 MP: 4/4
  2259 | D:3      | Reached XP level 6. HP: 22/52 MP: 5/5
  3239 | D:4      | Noticed Pikel
  3252 | D:4      | Killed Pikel
  3253 | D:4      | Reached skill level 5 in Fighting
  3253 | D:4      | Reached skill level 1 in Dodging
  3253 | D:4      | Reached XP level 7. HP: 16/61 MP: 6/6
  3478 | D:4      | Noticed Natasha
  3488 | D:4      | Killed Natasha
  3599 | D:4      | Found a staircase to the Ecumenical Temple.
  3608 | Temple   | Entered the Ecumenical Temple
  3617 | Temple   | Became a worshipper of Warmaster Okawaru
  3654 | D:4      | Noticed Natasha
  3659 | D:4      | Killed Natasha
  3688 | D:4      | Found a large runed translucent door.
  3688 | D:4      | Found a large runed translucent door.
  3761 | D:4      | Identified the +2 falchion "Goblin's Bane" {vorpal, rPois
                  | Will+ Dex+4}
  3790 | D:4      | Found a large runed translucent door.
  3790 | D:4      | Found a large runed translucent door.
  3895 | D:4      | Reached XP level 8. HP: 55/70 MP: 7/7
  4012 | D:4      | Noticed Natasha
  4015 | D:4      | Killed Natasha
  4086 | D:4      | Reached skill level 5 in Shields
  4341 | D:5      | Entered Level 5 of the Dungeon
  4738 | D:5      | Reached * piety under Okawaru
  5237 | D:5      | Noticed Menkaure
  5246 | D:5      | Killed Menkaure
  5258 | D:5      | Found Koehuak's Distillery.
  5273 | D:5      | Bought a potion of mutation for 120 gold pieces
  5286 | D:5      | Found a glowing silver altar of Zin.
  5348 | D:5      | Reached XP level 9. HP: 75/78 MP: 8/8
  5599 | D:6      | Reached ** piety under Okawaru
  5600 | D:6      | Reached skill level 10 in Long Blades
  6511 | D:7      | Reached skill level 6 in Shields
  6513 | D:7      | HP: 3/79 [gnoll/+0 halberd of venom (13)]
  7430 | D:8      | Noticed a tengu warrior
  7430 | D:8      | Noticed a tengu conjurer
  7446 | D:8      | Killed a tengu warrior
  7447 | D:8      | Reached skill level 1 in Stealth
  7450 | D:8      | Killed a tengu conjurer
  7450 | D:8      | Reached *** piety under Okawaru
  7478 | D:8      | Reached XP level 10. HP: 81/88 MP: 9/9
  7563 | D:8      | Reached skill level 7 in Shields
  7911 | D:7      | Reached skill level 10 in Armour
  7920 | D:7      | Reached **** piety under Okawaru
  8235 | D:8      | Found a staircase to the Lair.
  8673 | D:9      | Noticed a two-headed ogre
  8688 | D:9      | Killed a two-headed ogre
  8796 | D:9      | Reached skill level 1 in Invocations
  8908 | D:9      | Reached ***** piety under Okawaru
  8917 | D:9      | Found a flagged portal.
  8939 | D:9      | Received a gift from Okawaru
  8990 | Bailey   | Entered a bailey
  9425 | Bailey   | Reached skill level 8 in Shields
  9460 | Bailey   | Reached XP level 11. HP: 95/95 MP: 7/11
  9494 | Bailey   | Noticed an orc knight
  9518 | Bailey   | Killed an orc knight
 10090 | Bailey   | Noticed an orc knight
 10109 | Bailey   | Killed an orc knight
 10992 | Bailey   | Found an iron altar of Okawaru.
 10992 | Bailey   | Noticed an orc high priest
 11007 | Bailey   | Killed an orc high priest
 11008 | Bailey   | Reached skill level 1 in Evocations
 11017 | Bailey   | Noticed a sun demon
 11282 | Bailey   | Identified the +1 robe of the Bulwark {rC+ Slay+3 SInv}
 11332 | D:9      | Noticed a two-headed ogre
 11340 | D:9      | Killed a two-headed ogre
 11732 | D:9      | Reached skill level 5 in Dodging
 12349 | D:10     | Entered Level 10 of the Dungeon
 12383 | D:10     | Reached skill level 9 in Shields
 12507 | D:10     | Reached skill level 10 in Fighting
 13288 | D:10     | Found a staircase to the Orcish Mines.
 13533 | D:11     | Noticed a boulder beetle
 13564 | D:11     | Killed a boulder beetle
 13738 | D:11     | Noticed a boulder beetle
 13753 | D:11     | Killed a boulder beetle
 13763 | D:11     | Reached XP level 12. HP: 88/107 MP: 9/12
 13897 | D:11     | Found a runed translucent gate.
 13897 | D:11     | Found a runed translucent gate.
 13897 | D:11     | Found a runed translucent gate.
 13898 | D:11     | Noticed spica's ghost (journeyman GrEE)
 14770 | D:4      | Got the Compendium of Flying Changing
 14887 | Lair:1   | Entered Level 1 of the Lair of Beasts
 15004 | Lair:1   | Found a dark tunnel.
 15010 | Volcano  | Entered a volcano
 15025 | Volcano  | Identified the +0 robe of the Ancient Moons {Rampage rN+
                  | Str-3} (Okawaru gifted it to you in a volcano)
 15025 | Volcano  | Received a gift from Okawaru
 15047 | Volcano  | Reached skill level 10 in Shields
 16163 | Lair:1   | Noticed a four-headed hydra
 16174 | Lair:1   | Killed a four-headed hydra
 16175 | Lair:1   | Reached skill level 11 in Shields
 16320 | Lair:1   | Identified the +0 chain mail "Hodenwak" {rF+ Int+4}
 16360 | Lair:1   | Reached skill level 1 in Maces & Flails
 16801 | Lair:2   | Noticed a six-headed hydra
 16831 | Lair:1   | Killed a six-headed hydra
 17445 | Lair:2   | Reached XP level 13. HP: 115/116 MP: 14/14
 17605 | Lair:2   | Reached skill level 12 in Shields
 17686 | Lair:2   | Received a gift from Okawaru
 18022 | Lair:2   | Found a staircase to the Snake Pit.
 18527 | Lair:2   | Reached skill level 15 in Long Blades
 18825 | Lair:2   | Reached skill level 13 in Shields
 18829 | Lair:2   | Received a gift from Okawaru
 21349 | Lair:3   | Reached XP level 14. HP: 119/126 MP: 15/15
 22092 | D:12     | Reached skill level 14 in Shields
 22093 | D:12     | Received a gift from Okawaru
 22543 | D:12     | Received a gift from Okawaru
 22675 | D:12     | Identified the +6 lajatang "Tuih" {flame, +Blink rElec
                  | Str+2 Dex+7}
 23795 | D:13     | Identified the +1 robe of the Cricket {rN+}
 24372 | D:13     | Noticed Urug
 24385 | D:13     | Killed Urug
 24406 | D:13     | Reached skill level 15 in Shields
 24869 | D:13     | Found Evixo's General Store.
 25192 | D:13     | Bought a scroll of identify for 30 gold pieces
 25241 | D:13     | Received a gift from Okawaru
 25242 | D:13     | Reached skill level 15 in Armour
 25403 | D:13     | You fall into a shaft and drop 2 floors!
 25403 | D:15     | Entered Level 15 of the Dungeon
 25797 | D:15     | Found a staircase to the Depths.
 26149 | D:15     | Killed a ghost moth
 26535 | D:13     | Identified the +6 ring mail of the New World {rF++}
 28056 | Lair:4   | Found a staircase to the Swamp.
 28340 | Lair:4   | Reached skill level 16 in Shields
 28518 | Lair:4   | Reached XP level 15. HP: 133/136 MP: 17/17
 29022 | Orc:1    | Entered Level 1 of the Orcish Mines
 29032 | Orc:1    | Reached ****** piety under Okawaru
 29809 | Orc:1    | Received a gift from Okawaru
 30360 | Orc:2    | Entered Level 2 of the Orcish Mines
 30902 | Orc:2    | Noticed Snorg
 30913 | Orc:2    | Killed Snorg
 31014 | Orc:2    | Noticed an orc warlord
 31050 | Orc:2    | HP: 5/136 [orc warlord/+2 great mace of protection (31)]
 31059 | Orc:2    | Killed an orc warlord
 31469 | Orc:2    | Found Nakloo's Jewellery Boutique.
 31712 | Orc:2    | Bought the amulet of Lauciana {Faith rF+ Regen+} for 918
                  | gold pieces
 31896 | Orc:2    | Found a staircase to the Elven Halls.
 31964 | Orc:2    | Found the +8 glaive of the Guard {elec, spectral, AC+5}
 32423 | Orc:2    | Found Fuom's Armour Boutique.
 32436 | Orc:2    | Identified the +5 scale mail "Loytug" {+Blink Int+4}
                  | (Okawaru gifted it to you on level 2 of the Orcish Mines)
 32436 | Orc:2    | Received a gift from Okawaru
 32441 | Orc:2    | Reached skill level 17 in Shields
 32453 | Orc:2    | Found Ydutryps's Magic Scroll Shop.
 32486 | Orc:2    | Bought a scroll of teleportation for 33 gold pieces
 32486 | Orc:2    | Bought a scroll of identify for 22 gold pieces
 32682 | Orc:2    | Found Exzoux's Book Shoppe.
 33564 | D:14     | Found a transporter.
 33611 | D:14     | Noticed Rupert
 33637 | D:14     | Killed Rupert
 33693 | D:14     | Noticed a profane servitor
 33709 | D:14     | Found a transporter.
 33709 | D:14     | Found a one-way gate to the infinite horrors of the Abyss.
 33709 | D:14     | Noticed Ytheofip's ghost (journeyman FoFi)
 34505 | D:14     | Found a gate to the Vaults.
 34568 | D:14     | Found a shadowy altar of Dithmenos.
 34581 | D:14     | Identified the +6 falchion of Tudgh {antimagic, rN+ Dex+3}
                  | (Okawaru gifted it to you on level 14 of the Dungeon)
 34581 | D:14     | Received a gift from Okawaru
 35077 | D:15     | Killed from afar by an electric eel

Illustrated notes

Levels and vault maps discovered:
D:1:      saegor_arrival_fortress, layout_loops_ring, basic_ecumenical_altar,
          minmay_nonomino_d4
D:2:      layout_loops_ring, basic_altar, uniq_robin, uniq_crazy_yiuf_cottage
D:3:      layout_basic
D:4:      layout_basic, temple_hall, minmay_hollow_rounded_squares, uniq_pikel,
          uniq_natasha
D:5:      layout_rooms, mainiacjoe_overflow_paths, serial_shops,
          kennysheep_mini_moat, uniq_menkaure
D:6:      layout_basic
D:7:      layout_basic, feat_on_display
D:8:      layout_gridville, erik_lair_orcish_takeover
D:9:      layout_basic, enter_bailey_5, special_room [special_room_bee],
          grunt_ministairs_12
D:10:     layout_gridville, orc_0_dummy
D:11:     layout_roguey, ebering_ghost_rock_garden
D:12:     layout_cave_pools
D:13:     minmay_connected_boxes_in_corner, layout_long_grid, serial_shops,
          nicolae_shop_stone, uniq_urug
D:14:     layout_basic, lightli_vaults_fourway_checkpoint,
          grunt_dithmenos_shadows, gammafunk_ghost_abyssal_escape, uniq_rupert
D:15:     grunt_enter_depths_hoard, layout_stronghold, chequers_big_river,
          serial_co_window_serial, co_window_of_opportunity_a,
          co_window_paths_a, co_window_paths_a, co_window_corner_a,
          co_window_of_opportunity_a, co_window_corner_b, co_window_broadway_a,
          co_window_unsneaky_path_c, glass_columns_a, glass_columns_c,
          glass_columns_a
Temple:   grunt_wide_crystal_templ
Lair:1:   minmay_lair_oklob_chamber, layout_loops_ring, enter_volcano_1,
          infiniplex_staircase_pool_2
Lair:2:   regret_index_combs_of_tragedy, layout_chaotic_city,
          guppyfry_snake_entry_garden, grunt_forest_large_clearings,
          lemuel_fruit_fields
Lair:3:   cheibrodos_lair_overgrown_chateau, layout_regular_city,
          lemuel_fruit_fields
Lair:4:   layout_regular_city, nicolae_swamp_entry_splash_gauntlet,
          chequers_serial_rivers_room_a, grunt_megastairs_4
Orc:1:    layout_caves, elves_outpost_lemuel
Orc:2:    pubby_orc_utopia, uniq_snorg

Skill      XL: |  1  2  3  4  5  6  7  8  9 10 11 12 13 14 15 |
---------------+----------------------------------------------+-----
Fighting       | 4 5 6 8 10 11 12 13 14 | 14.5
Armour         | 4 5 6 7 8 9 10 11 12 14 15 16 | 16.4
Shields        | 4 5 6 8 9 11 13 16 17 | 17.9
Long Blades    | 3 5 7 9 11 12 14 15 16 | 16.8
Dodging        | 1 2 4 6 7 |  7.1
Stealth        | 1 2 4 |  4.4
Invocations    | 1 2 3 4 |  4.6
Evocations     | 1 2 |  2.1
Maces & Flails | 2 3 4 |  4.2
Crossbows      | |  0.6

Action                   |  1- 3 |  4- 6 |  7- 9 | 10-12 | 13-15 || total
-------------------------+-------+-------+-------+-------+-------++-------
Melee: Long sword        |    94 |   149 |    34 |       |       ||   277
       Headbutt          |    14 |    23 |    51 |   197 |   585 ||   870
       Falchion          |       |       |   266 |   782 |  2106 ||  3154
       Demon whip        |       |       |       |    16 |    22 ||    38
 Fire: Hand crossbow     |       |       |       |       |     1 ||     1
Invok: Heroism           |       |       |     2 |    25 |    45 ||    72
Evoke: Wand              |       |       |       |    16 |    14 ||    30
  Use: Scroll            |       |     5 |     1 |     3 |    13 ||    22
       Potion            |       |       |     4 |     2 |     1 ||     7
 Stab: Paralysed         |       |       |       |    10 |       ||    10
Armor: Scale mail        |     3 |       |    17 |   132 |       ||   152
       Chain mail        |    50 |    76 |   126 |       |       ||   252
       Plate armour      |       |       |       |   115 |   763 ||   878
Dodge: Dodged            |    24 |    46 |   104 |   391 |   693 ||  1258
Block: Buckler           |    20 |    30 |    73 |    65 |       ||   188
       Kite shield       |       |       |       |   368 |  1437 ||  1805
       Tower shield      |       |       |       |    24 |       ||    24
       Reflection        |       |       |       |     7 |    31 ||    38
